 Dungeon Crawl Stone Soup version 0.20.0-14-g326068f (webtiles) character file.

9849 skittles the Arsonist (level 11, -5/82 HPs)
             Began as a Yellow Draconian Fire Elementalist on June 8, 2017.
             Was a Follower of Vehumet.
             Slain by an orc warrior
             ... wielding a +0 halberd
              (19 damage)
             ... on level 9 of the Dungeon.
             The game lasted 00:51:44 (15303 turns).

skittles the Arsonist (DrFE)                       Turns: 15303, Time: 00:51:45

Health: -5/82      AC: 13    Str: 11    XL:     11   Next: 28%
Magic:  6/17       EV: 13    Int: 19    God:    Vehumet [*.....]
Gold:   831        SH:  0    Dex: 11    Spells: 5/18 levels left

rFire    . . .     SeeInvis .   b - staff of energy
rCold    . . .     Gourm    .   (no shield)
rNeg     . . .     Faith    .   (armour unavailable)
rPois    +         Spirit   .   H - +2 hat
rElec    .         Reflect  .   (no cloak)
rCorr    +         Harm     .   B - +0 pair of gloves
MR       .....                  f - +2 pair of boots {Fly}
Stlth    ++........             (no amulet)
Regen    0.3/turn               c - ring of poison resistance
MPRegen  0.2/turn               (no ring)

@: flying
A: spit acid, acid resistance, unfitting armour, stinger 2, cold-blooded, AC +7
a: Breathe Acid, Renounce Religion, Stop Flying


You were on level 9 of the Dungeon.
You worshipped Vehumet.
Vehumet was aware of your devotion.
You were hungry.

You visited 2 branches of the dungeon, and saw 10 of its levels.
You also visited: Ossuary and Bailey.

You collected 831 gold pieces.

Inventory:

Hand Weapons
 a - a +2 short sword of freezing
 l - a +0 dagger of venom
 r - a +0 trident
 v - a +2 dagger of flaming
 y - a +2 whip of freezing
 K - a +3 flail of protection
Armour
 f - a +2 pair of boots of flying (worn)
 B - a +0 pair of gloves (worn)
 H - a +2 hat (worn)
Magical Staves
 b - an uncursed staff of energy (weapon)
Jewellery
 c - a ring of poison resistance (left hand)
Wands
 D - a wand of confusion (9/48)
 E - a wand of polymorph (8/24)
 L - a wand of iceblast (5/15)
Scrolls
 g - a scroll of random uselessness {unknown}
 h - 6 scrolls of teleportation {unknown}
 i - 4 scrolls of amnesia {unknown}
 m - 5 scrolls of fear {unknown}
 o - 3 scrolls of recharging {unknown}
 q - a scroll of enchant armour {unknown}
 z - a scroll of fog {unknown}
 A - 4 scrolls of remove curse {unknown}
 G - 3 scrolls of magic mapping {unknown}
 I - 2 scrolls of immolation {unknown}
 N - 5 scrolls of enchant weapon {unknown}
 R - a scroll of identify
 S - a scroll of silence {unknown}
Potions
 d - 10 potions of curing
 e - 3 potions of cancellation
 j - 3 potions of lignification
 n - 2 potions of haste
 p - a potion of heal wounds
 s - 2 potions of resistance
 u - a potion of agility
 x - 3 potions of invisibility
 C - a potion of might
 F - a potion of mutation
 J - a potion of berserk rage
 M - 2 potions of brilliance {unknown}
 Q - a potion of flight {unknown}
Books
 w - a book of Flames

   Spells                             Type                      Level
   a - Flame Tongue                   Conjuration/Fire             1
   b - Throw Flame                    Conjuration/Fire             2
   c - Conjure Flame                  Conjuration/Fire             3
   d - Inner Flame                    Hexes/Fire                   3
   e - Sticky Flame                   Conjuration/Fire             4
   f - Fireball                       Conjuration/Fire             5
 T - a Young Poisoner's Handbook

   Spells                             Type                      Level
   a - Sting                          Conjuration/Poison           1
   b - Poisonous Vapours              Poison/Air                   2
   c - Mephitic Cloud                 Conjuration/Poison/Air       3
   d - Olgreb's Toxic Radiance        Poison                       4
   e - Venom Bolt                     Conjuration/Poison           5
Comestibles
 k - 4 meat rations
 t - 7 royal jellies
 O - 7 bread rations


   Skills:
 + Level 3.2 Fighting
 + Level 3.5 Dodging
 - Level 1.7 Stealth
 + Level 4.0 Spellcasting
 + Level 11.7 Conjurations
 + Level 11.9 Fire Magic


You had 5 spell levels left.
You knew the following spells:

 Your Spells              Type           Power        Failure   Level  Hunger
a - Flame Tongue          Conj/Fire      #####        1%          1    None
b - Conjure Flame         Conj/Fire      #####...     1%          3    None
c - Sticky Flame          Conj/Fire      #####...     1%          4    None
d - Fireball              Conj/Fire      #####.....   2%          5    None


Dungeon Overview and Level Annotations

Branches:
Dungeon (9/15)             Temple (1/1) D:7            Lair (0/6) D:8
    Orc: D:9-12

Altars:
Ashenzari
Cheibriados
Dithmenos
Fedhas
Gozag
Hepliaklqana
Kikubaaqudgha
Okawaru
Qazlal
Ru
Sif Muna
Trog
Vehumet
Xom
Zin


Innate Abilities, Weirdness & Mutations

You can spit globs of acid.
You are resistant to acid.
Your golden yellow scales are hard. (AC +7)
You cannot fit into any form of body armour.
You are cold-blooded and may be slowed by cold attacks.
Your tail ends in a sharp poisonous barb.


Message History

Confirm with . or Enter, or press ? or * to list all spells.
Aiming: Flame Tongue
Press: ? - help, Shift-Dir - straight line, f/p - orc warrior
Aim: an orc warrior, wielding a halberd and wearing a chain mail (severely wounded, covered in liquid flames)
The flame tongue hits the orc warrior.
The orc warrior appears unharmed.
The orc warrior is severely wounded.
The orc warrior burns!
The orc hits you but does no damage.
Casting: Flame Tongue
Confirm with . or Enter, or press ? or * to list all spells.
Aiming: Flame Tongue
Press: ? - help, Shift-Dir - straight line, f/p - orc warrior
Aim: an orc warrior, wielding a halberd and wearing a chain mail (almost dead, covered in liquid flames)
The flame tongue hits the orc warrior.
The orc warrior is almost dead.
The orc warrior burns!
The orc warrior stops burning.
The orc wizard gestures wildly while chanting.
The orc wizard flickers and vanishes!
Deactivating autopickup; reactivate with Ctrl-A.
The orc warrior hits you with a halberd!!
You die...

#...###.#..#..
#[......#..#.#
#...#####..# #.
#........... #
#. #..>........
#. #.##
##.######..#
#>##(.[ #.# #
#.o...########.#
oo..#{o@.....# #
#))#o########
#.##..#.########
#.#..o.........#
#....o...#####.#
###...#.## #.#
.# #.[.### #.#
.# #...####
##.## .##
#......# ##...##
##..


You could see an orc warrior and an orc.

Vanquished Creatures
  2 two-headed ogres (D:8)
  An unseen horror (D:6)
  Pikel (D:5)
  2 orc knights (Bailey)
  An orc sorcerer (Bailey)
  A kobold demonologist (Bailey)
  A troll (D:6)
  A hippogriff (D:7)
  A human (D:8)
  4 hogs
  Edmund (D:6)
  Duvessa (D:6)
  A water moccasin (D:9)
  12 orc warriors
  An ice beast (D:9)
  A sky beast (D:5)
  4 ogres
  A phantom (D:6)
  A necrophage (D:9)
  4 centaurs
  3 bullfrogs
  Dowan (D:6)
  3 scorpions
  8 killer bees
  5 electric eels (Bailey)
  A howler monkey (D:4)
  5 crimson imps
  A bullfrog zombie (D:5)
  5 hounds
  2 jellies
  6 orc wizards
  4 orc priests
  A centaur skeleton (D:7)
  4 iguanas
  Ijyb (D:5)
  7 worker ants
  2 killer bee zombies (D:7)
  A big kobold zombie (Ossuary)
  A hound zombie (D:8)
  A hound skeleton (D:4)
  8 mummies (Ossuary)
  6 gnolls
  A howler monkey skeleton (D:5)
  11 adders
  2 oozes (D:3)
  An adder skeleton (D:4)
  5 worms
  3 dart slugs (D:1)
  6 leopard geckos
  48 orcs
  2 ball pythons (D:2)
  6 giant cockroaches
  3 gnoll zombies (Ossuary)
  12 goblins
  17 hobgoblins
  15 jackals
  9 kobolds
  2 quokkas
  10 bats
  4 frilled lizards
  A giant cockroach zombie (D:6)
  A hobgoblin zombie (Ossuary)
  3 kobold zombies (Ossuary)
  A leopard gecko skeleton (D:6)
  A leopard gecko zombie (D:5)
  A quokka skeleton (D:4)
  9 rats
292 creatures vanquished.

Vanquished Creatures (others)
  A hound (D:5)
  An adder skeleton (D:5)
  A giant cockroach (D:5)
3 creatures vanquished.

Grand Total: 295 creatures vanquished

Notes
Turn   | Place    | Note
-------+----------+-------------------------------------------
     0 | D:1      | skittles the Draconian Fire Elementalist began the quest for the Orb.
     0 | D:1      | Reached XP level 1. HP: 14/14 MP: 3/3
    41 | D:1      | Reached XP level 2. HP: 19/20 MP: 1/5
   976 | D:1      | Reached XP level 3. HP: 18/26 MP: 2/6
  1502 | D:2      | Learned a level 3 spell: Conjure Flame
  1745 | D:2      | Reached XP level 4. HP: 33/33 MP: 5/7
  2253 | D:2      | Found a snail-covered altar of Cheibriados.
  3522 | D:3      | You fall through a shaft!
  3551 | D:4      | Reached XP level 5. HP: 38/38 MP: 5/8
  3636 | D:4      | Reached skill level 5 in Fire Magic
  3904 | D:4      | Reached XP level 6. HP: 32/45 MP: 1/9
  4335 | D:4      | Found a shadowy altar of Dithmenos.
  4335 | D:4      | Found a bloodstained altar of Trog.
  4336 | D:4      | Found a hazy altar of Hepliaklqana.
  4336 | D:4      | Found a sacrificial altar of Ru.
  4961 | D:3      | Reached skill level 5 in Conjurations
  5593 | D:4      | Learned a level 4 spell: Sticky Flame
  5625 | D:5      | Entered Level 5 of the Dungeon
  5632 | D:4      | Your scales start taking on a golden yellow colour.
  5632 | D:4      | Reached XP level 7. HP: 17/50 MP: 4/10
  5908 | D:5      | Noticed Pikel
  5920 | D:5      | Killed Pikel
  5920 | D:5      | Reached XP level 8. HP: 57/57 MP: 3/11
  6314 | D:5      | Noticed Ijyb
  6346 | D:5      | Killed Ijyb
  7120 | D:6      | Noticed an unseen horror
  7124 | D:6      | Killed an unseen horror
  7255 | D:6      | Reached XP level 9. HP: 40/62 MP: 1/12
  7415 | D:6      | Noticed a troll
  7415 | D:6      | Noticed Duvessa
  7417 | D:6      | Found a sand-covered staircase.
  7418 | D:6      | Noticed Dowan
  7428 | D:6      | Noticed Edmund
  7431 | D:6      | Killed Duvessa
  7459 | D:6      | Killed Dowan
  7462 | Ossuary  | Entered an ossuary
  8313 | D:6      | Killed a troll
  8446 | D:6      | Killed Edmund
  8993 | D:7      | Reached skill level 10 in Fire Magic
  9148 | D:7      | Found a staircase to the Ecumenical Temple.
  9178 | D:7      | Found a flagged portal.
  9269 | Bailey   | Entered a bailey
  9333 | Bailey   | HP: 2/62 [orc warrior/war axe (24)]
  9337 | Bailey   | Reached skill level 10 in Conjurations
  9757 | Bailey   | Noticed an orc knight
  9782 | Bailey   | Killed an orc knight
  9782 | Bailey   | Reached XP level 10. HP: 69/69 MP: 6/13
  9834 | Bailey   | Noticed an orc sorcerer
  9836 | Bailey   | Noticed a smoke demon
  9857 | Bailey   | Paralysed by an orc sorcerer for 2 turns
  9858 | Bailey   | Killed an orc sorcerer
 10178 | Bailey   | Found an iron altar of Okawaru.
 10188 | Bailey   | Noticed an orc knight
 10205 | Bailey   | Killed an orc knight
 11843 | D:7      | Learned a level 5 spell: Fireball
 12298 | Temple   | Entered the Ecumenical Temple
 12348 | Temple   | Became a worshipper of Vehumet
 12572 | D:7      | Found a shimmering altar of Xom.
 12689 | D:7      | Reached skill level 1 in Fighting
 13136 | D:8      | Noticed a two-headed ogre
 13223 | D:8      | Killed a two-headed ogre
 13413 | D:8      | Reached XP level 11. HP: 79/79 MP: 3/15
 14140 | D:8      | Found a staircase to the Lair.
 14465 | D:8      | Noticed a two-headed ogre
 14485 | D:8      | Killed a two-headed ogre
 14664 | D:8      | Gained mutation: Your tail ends in a poisonous barb. [potion of mutation]
 14664 | D:8      | Gained mutation: Your tail ends in a sharp poisonous barb. [potion of mutation]
 15042 | D:9      | Reached * piety under Vehumet
 15042 | D:9      | Offered knowledge of Sandblast by Vehumet.
 15238 | D:9      | Found a sacrificial altar of Ru.
 15303 | D:9      | Slain by an orc warrior

Skill      XL: |  1  2  3  4  5  6  7  8  9 10 11 |
---------------+----------------------------------+-----
Conjurations   | 2 3 4 5 6 8 10 11 | 11.7
Fire Magic     | 4 5 6 7 8 10 11 | 11.9
Dodging        | 2 3 |  3.5
Fighting       | 2 3 |  3.2
Spellcasting   | 3 4 |  4.0
Stealth        | |  1.7

Action                   |  1- 3 |  4- 6 |  7- 9 | 10-12 || total
-------------------------+-------+-------+-------+-------++-------
Melee: Whip              |    83 |   108 |       |       ||   191
       Tailslap          |     7 |    22 |    21 |    22 ||    72
       Trident           |       |    52 |    66 |    45 ||   163
       Short sword       |       |    93 |   146 |   181 ||   420
       Unarmed           |       |       |     3 |       ||     3
       Dagger            |       |       |   107 |     3 ||   110
       Staff             |       |       |       |    67 ||    67
 Cast: Flame Tongue      |    28 |    66 |    60 |   110 ||   264
       Conjure Flame     |       |     1 |     5 |     3 ||     9
       Sticky Flame      |       |       |    37 |    44 ||    81
       Fireball          |       |       |       |     2 ||     2
 Abil: Breathe Acid      |       |       |     2 |     2 ||     4
  Use: Scroll            |       |       |     4 |     7 ||    11
       Potion            |       |       |     3 |     3 ||     6
 Stab: Sleeping          |       |     4 |     1 |       ||     5
       Distracted        |       |     1 |       |       ||     1
  Eat: Chunk             |     3 |    14 |    15 |    19 ||    51
       Fruit             |       |       |     5 |     5 ||    10
       Royal jelly       |       |       |     2 |       ||     2
Armor: Skin              |    34 |   131 |   118 |   149 ||   432
Dodge: Dodged            |    79 |   198 |   195 |   254 ||   726
